 Dungeon Crawl Stone Soup version 0.18.1-8-gdd0e5ea (webtiles) character file.

23 M4edhros the Sneak (level 2, -2/18 HPs)
             Began as an Octopode Artificer on June 8, 2016.
             Slain by a worm (6 damage)
             ... on level 4 of the Dungeon.
             The game lasted 00:00:51 (339 turns).

M4edhros the Sneak (Octopode Artificer)              Turns: 339, Time: 00:00:52

Health: -2/18      AC:  6    Str: 10    XL:     2   Next: 95%
Magic:  4/4        EV: 12    Int: 14    God:
Gold:   11         SH:  0    Dex: 12    Spells: 0 memorised, 1 level left

rFire  . . .     SeeInvis .     h - +2 mace (protect)
rCold  . . .     Gourm    .     (no shield)
rNeg   . . .     Faith    .     (helmet restricted)
rPois  .         Spirit   .     (no amulet)
rElec  .         Dismiss  .     (no ring)
rCorr  .         Reflect  .     (no ring)
SustAt .         Harm     .     (no ring)
MR     .....                    (no ring)
Stlth  ++++......               (no ring)
                                (no ring)
                                (no ring)
                                (no ring)

@: not resistant to hostile enchantments, stealthy
A: almost no armour, amphibious, 8 rings, constrict 8, camouflage 1, gelatinous
body 1
a: no special abilities


You were on level 4 of the Dungeon.
You were not hungry.

You visited 1 branch of the dungeon, and saw 4 of its levels.

You collected 11 gold pieces.

Inventory:

Hand Weapons
 a - a +0 short sword
 h - a +2 mace of protection (weapon)
Wands
 b - a wand of flame (15/48)
 c - a wand of enslavement (15/24)
 d - a wand of random effects (15/48)
Scrolls
 e - a scroll of identify {unknown}
 i - a scroll of fear {unknown}
 k - a scroll of enchant weapon {unknown}
 l - a scroll of remove curse {unknown}
 m - a scroll of noise {unknown}
Books
 j - a book of the Earth

   Spells                             Type                      Level
   a - Leda's Liquefaction            Hexes/Earth                  4
   b - Bolt of Magma                  Conjuration/Fire/Earth       5
   c - Statue Form                    Transmutation/Earth          6
   d - Iron Shot                      Conjuration/Earth            6
   e - Shatter                        Earth                        9
Comestibles
 f - 2 bread rations
 g - a meat ration


   Skills:
 - Level 1.0 Fighting
 - Level 1.0 Short Blades
 - Level 2.0 Dodging
 + Level 4.1 Stealth
 - Level 3.2 Evocations


You had one spell level left.
You didn't know any spells.

Dungeon Overview and Level Annotations

Branches:
Dungeon (4/15)
 Temple: D:4-7

Altars:
Vehumet


Innate Abilities, Weirdness & Mutations

You cannot wear most types of armour.
You are amphibious.
You can wear up to eight rings at the same time.
You can use your tentacles to constrict eight enemies at once.
Your skin changes colour to match your surroundings (Stealth).
Your rubbery body absorbs attacks (AC +1).


Message History

m - a scroll labeled CYUXZA WEXKI
There is an open door here.
You swing at nothing.
You swing at nothing.
You barely miss the worm. Your grab misses the worm.
You squeeze the worm, but do no damage. The worm bites you.
You hit the worm. You grab the worm.
The worm is lightly wounded.
You constrict the worm. You hit the worm. You squeeze the worm!
The worm is severely wounded.
You constrict the worm. The worm closely misses you.
You hit the worm.
The worm is severely wounded.
You constrict the worm. The worm bites you!
* * * LOW HITPOINT WARNING * * *
You completely miss the worm.
The worm is almost dead.
You constrict the worm. The worm bites you.
You die...

#.# #.# #.# ... ##.## ## #.#
##+## #...# .. #.# ##...##
####.... ##.
#.###.....###....... ##..
#.##.......##.#.#.#.
##.#...##.#.........≈≈≈≈≈≈≈≈
#.S.......w@........≈#≈≈≈≈≈#
#.##...##.#.........≈#≈###≈#
##.. #.##......>#≈#≈≈≈≈≈#
##. #.###.....##≈≈≈≈≈≈≈≈ ..
#.# ##...####..##.## .# #.#
##+## ##.# ... #. #.# #.# .#
.. ..# #.. . #### #


You could see a worm.

Vanquished Creatures
  An adder (D:2)
  A giant gecko (D:2)
  3 giant cockroaches (D:1)
  2 goblins
  A hobgoblin (D:2)
  A quokka (D:2)
  A kobold (D:2)
  A rat (D:2)
11 creatures vanquished.

Notes
Turn   | Place    | Note
--------------------------------------------------------------
     0 | D:1      | M4edhros the Octopode Artificer began the quest for the Orb.
     0 | D:1      | Reached XP level 1. HP: 13/13 MP: 3/3
    85 | D:1      | Reached skill level 2 in Stealth
   167 | D:2      | Reached skill level 3 in Stealth
   167 | D:2      | Reached XP level 2. HP: 18/18 MP: 4/4
   169 | D:2      | Found a radiant altar of Vehumet.
   275 | D:2      | Reached skill level 4 in Stealth
   339 | D:4      | Slain by a worm

Skill      XL: |  1  2 |
---------------+-------+-----
Stealth        | 3 4 |  4.1
Fighting       | |  1.0
Short Blades   | |  1.0
Dodging        | |  2.0
Evocations     | |  3.2

Action                   || total
-------------------------++-------
Melee: Mace              ||    22
       Short sword       ||     5
       Constrict         ||     8
       Tentacles         ||     5
 Stab: Sleeping          ||     3
Armor: Skin              ||     6
Dodge: Dodged            ||    16
